 Dungeon Crawl Stone Soup version 0.31-a0-1405-g2bb1a01664 (webtiles) character file.

Game seed: 6658232146017819187

2999 BigPumpCobain the Basher (level 9, -2/81 HPs)
             Began as a Minotaur Fighter on Dec 25, 2023.
             Was a Follower of Trog.
             Slain by Erica
             ... wielding a +3 scimitar of flaming
              (3 damage)
             ... on level 9 of the Dungeon.
             The game lasted 00:10:52 (5091 turns).

BigPumpCobain the Basher (Minotaur Fighter)         Turns: 5091, Time: 00:10:52

Health: -2/81      AC: 12    Str: 26    XL:     9   Next: 54%
Magic:  8/8        EV:  6    Int:  5    God:    Trog [*.....]
Gold:   357        SH:  7    Dex: 21    Spells: 8/8 levels left

rFire   . . .        p - +8 flail of the Lurker {holy, rPois rC++ Will++}
rCold   + + .        c - +0 buckler
rNeg    . . .        b - +0 scale mail
rPois   +            (helmet restricted)
rElec   .            (no cloak)
rCorr   .            g - +2 pair of gloves
SInv    .            G - +0 pair of boots
Will    ++...        f - amulet of regeneration Stlth
                     i - +6 ring of dexterity
HPRegen 1.13/turn    C - +6 ring of dexterity
MPRegen 0.11/turn

%: no passive effects
@: constricted
A: horns 2, retaliatory headbutt
a: Renounce Religion, Berserk


You were on level 9 of the Dungeon.
You worshipped Trog.
Trog was aware of your devotion.
You visited 2 branches of the dungeon, and saw 9 of its levels.

You collected 420 gold pieces.
You spent 63 gold pieces at shops.

Inventory:

Hand Weapons
 a - a +1 war axe
 p - the +8 flail of the Lurker (weapon) {holy, rPois rC++ Will++}
   (You found it on level 2 of the Dungeon)

   rC++:      It greatly protects you from cold.
   rPois:     It protects you from poison Will++: It greatly increases your
   willpower.
Armour
 b - a +0 scale mail (worn)
 c - a +0 buckler (worn)
 g - a +2 pair of gloves (worn)
 G - a +0 pair of boots (worn)
Jewellery
 f - an amulet of regeneration (around neck)
 i - a +6 ring of dexterity (left hand)
 r - an amulet of guardian spirit
 s - a ring of positive energy
 C - a +6 ring of dexterity (right hand)
Talismans
 q - a serpent talisman
Wands
 u - a wand of polymorph (20)
 y - a wand of acid (6)
 z - a wand of charming (8)
 E - a wand of roots (14)
Scrolls
 h - 3 scrolls of vulnerability
 m - 4 scrolls of immolation
 t - a scroll of enchant weapon
 v - a scroll of enchant armour
 x - 3 scrolls of noise
 A - a scroll of silence
 D - a scroll of teleportation {unknown}
 F - a scroll of brand weapon {unknown}
Potions
 d - 2 potions of might
 e - 2 potions of brilliance {unknown}
 j - 2 potions of cancellation {unknown}
 k - 4 potions of heal wounds {unknown}
 l - a potion of enlightenment {unknown}
 n - a potion of berserk rage {unknown}
 o - 2 potions of curing {unknown}
 w - a potion of haste {unknown}
 B - 2 potions of attraction {unknown}


   Skills:
 + Level 8.0 Fighting
 - Level 4.2(7.4) Axes
 * Level 9.4(9.9) Maces & Flails
 + Level 8.0 Armour
 + Level 8.0 Shields


You had 8 spell levels left.
You didn't know any spells.
Your spell library contained the following spells:

 Spells                   Type           Power      Damage    Failure   Level
 Dazzling Flash           Conj/Hex       0%         N/A       98%         3
 Mephitic Cloud           Conj/Alch/Air  0%         N/A       98%         3
 Agony                    Necr           0%         N/A       100%        5
 Silence                  Hex/Air        0%         N/A       100%        5
 Summon Forest            Summ/Tloc      0%         N/A       100%        5
 Summon Mana Viper        Hex/Summ       0%         N/A       100%        5
 Summon Cactus Giant      Summ           0%         N/A       100%        6


Dungeon Overview and Level Annotations

Branches:
Dungeon (9/15)             Temple (1/1) D:7
   Lair: D:8-11         Orc: D:9-12

Altars:
Ashenzari
Cheibriados
Dithmenos
Elyvilon
Gozag
Hepliaklqana
Makhleb
Nemelex Xobeh
Okawaru
Qazlal
Ru
Sif Muna
Trog
Uskayaw
Vehumet
Wu Jian
Xom
Yredelemnul
Zin
The Shining One

Shops:
D:6 [*:[*   D:8 !:[(=

Annotations:
D:9 Erica


Innate Abilities, Weirdness & Mutations

You have a pair of horns on your head.
You reflexively headbutt those who attack you in melee.


Message History

No target in view!
No target in view!
No target in view!
No target in view!
No target in view!
No target in view!
No target in view!
No target in view!
No target in view!
No target in view!
No target in view!
No target in view!
No target in view!
No target in view!
No target in view!
No target in view!
There is a strange disturbance nearby!
Something hits you! Something burns you. Something grabs you.
You are constricted.
You miss something. You block something's attack.
You are constricted.
You sock something! Something hits you! Something burns you.
You are constricted.
You barely miss something. Something hits you! Something burns you.
You are constricted.
You barely miss something. You miss something. Something hits you.
Something burns you.
You are constricted.
You hit something. Something hits you! Something burns you.
* * * LOW HITPOINT WARNING * * *
You are constricted.
You thump something! You headbutt something! Something hits you!
* * * LOW HITPOINT WARNING * * *
Something burns you.
* * * LOW HITPOINT WARNING * * *
You are constricted.
* * * LOW HITPOINT WARNING * * *
You sock something! Your headbutt misses something. Something hits you!
* * * LOW HITPOINT WARNING * * *
Something burns you.
You die...

...........<.........
........######.....
........# #>..##
........######<..#
.................#
.................#
.........######..#
.........# #).#
######...# #.@# #...#
#..{...... #...#
#.......... #...#
#..........
...∩.......
.......#....
........#....
.......### ...


There were no monsters in sight!

Vanquished Creatures
  A troll (D:8)
  A polar bear (D:9)
  2 steam dragons
  Menkaure (D:7)
  2 water moccasins (D:7)
  An ice beast (D:7)
  2 sky beasts (D:7)
  An orc warrior (D:8)
  A black bear (D:7)
  3 kobold brigands (D:8)
  3 scorpions
  7 bullfrogs
  2 howler monkeys (D:7)
  2 orc priests
  A gnoll bouda (D:6)
  A sleepcap (D:6)
  Jessica (D:3)
  Ijyb (D:3)
  7 orc wizards
  Robin (D:3)
  9 gnolls
  6 adders
  A white imp (D:6)
  2 ufetubi (D:7)
  A worm (D:2)
  2 dart slugs
  22 orcs
  6 bats
  4 endoplasms
  6 giant cockroaches
  4 hobgoblins
  3 jackals (D:3)
  19 kobolds
  A quokka (D:1)
  6 ball pythons
  6 frilled lizards
  15 goblins
  8 rats
162 creatures vanquished.

Notes
Turn   | Place    | Note
-------+----------+-------------------------------------------
     0 | D:1      | BigPumpCobain the Minotaur Fighter began the quest for the
                  | Orb.
     0 | D:1      | Reached XP level 1. HP: 19/19 MP: 0/0
    34 | D:1      | Reached XP level 2. HP: 26/27 MP: 1/1
   767 | D:2      | Reached XP level 3. HP: 33/33 MP: 2/2
  1062 | D:2      | Reached XP level 4. HP: 34/40 MP: 3/3
  1299 | D:2      | Identified the +8 flail of the Lurker {holy, rPois rC++
                  | Will++}
  1633 | D:3      | Reached skill level 1 in Maces & Flails
  1633 | D:3      | Reached XP level 5. HP: 36/47 MP: 4/4
  1715 | D:3      | Noticed Jessica
  1718 | D:3      | Killed Jessica
  1809 | D:3      | Noticed Robin
  1817 | D:3      | Killed Robin
  1822 | D:3      | Reached skill level 2 in Maces & Flails
  1902 | D:3      | Found a faded altar of an unknown god.
  1906 | D:3      | Found a basalt altar of Yredelemnul.
  1947 | D:3      | Noticed Ijyb
  1959 | D:3      | Killed Ijyb
  2369 | D:4      | Reached XP level 6. HP: 40/55 MP: 5/5
  2765 | D:4      | You fall into a shaft and drop 2 floors!
  2766 | D:6      | Found Qiefob's Self-Improvement Boutique.
  2780 | D:6      | Reached skill level 5 in Fighting
  2780 | D:6      | Reached skill level 3 in Maces & Flails
  2780 | D:6      | Reached skill level 5 in Armour
  2780 | D:6      | Reached skill level 5 in Shields
  2828 | D:6      | Found Inoschab's Armour Emporium.
  2879 | D:6      | Found an ornate altar of the Wu Jian Council.
  2879 | D:6      | Found a hazy altar of Hepliaklqana.
  2901 | D:6      | Found a broken altar of Ashenzari.
  2904 | D:6      | Found a glowing golden altar of the Shining One.
  2907 | D:6      | Found a burning altar of Makhleb.
  2910 | D:6      | Found a sparkling altar of Nemelex Xobeh.
  2955 | D:6      | Found Ochast's Antique Armour Boutique.
  3036 | D:6      | Found Korhi's Assorted Antiques.
  3094 | D:6      | Found Faidisuy's Assorted Antiques.
  3121 | D:6      | Reached skill level 4 in Maces & Flails
  3126 | D:6      | Reached XP level 7. HP: 60/61 MP: 6/6
  3416 | D:7      | Reached skill level 5 in Maces & Flails
  3496 | D:7      | Noticed Menkaure
  3500 | D:7      | Killed Menkaure
  3501 | D:7      | Reached skill level 6 in Maces & Flails
  3501 | D:7      | Reached XP level 8. HP: 70/70 MP: 7/7
  3529 | D:7      | Found a staircase to the Ecumenical Temple.
  3556 | Temple   | Entered the Ecumenical Temple
  3566 | Temple   | Became a worshipper of Trog the Wrathful
  3717 | D:7      | Reached skill level 7 in Maces & Flails
  4261 | D:8      | Reached skill level 8 in Maces & Flails
  4268 | D:8      | Reached XP level 9. HP: 70/79 MP: 8/8
  4380 | D:8      | Reached * piety under Trog
  4381 | D:8      | Noticed a troll
  4386 | D:8      | Killed a troll
  4434 | D:8      | Found Xalu's Armour Boutique.
  4478 | D:8      | Found an opulent altar of Gozag.
  4528 | D:8      | Found Degoi's Book Emporium.
  4619 | D:8      | Found Giugrav's Antique Weapon Boutique.
  4656 | D:8      | Reached skill level 9 in Maces & Flails
  4674 | D:8      | Found Qioti's Jewellery Boutique.
  4806 | D:8      | Bought a +0 pair of boots for 63 gold pieces
  4888 | D:8      | Found Tiesuecs's Distillery.
  4941 | D:8      | Found a shimmering blue altar of Sif Muna.
  5074 | D:9      | Noticed a polar bear
  5076 | D:9      | Noticed Erica
  5081 | D:9      | Killed a polar bear
  5091 | D:9      | HP: 1/81 [something (10)]
  5091 | D:9      | Slain by Erica

Illustrated notes

Levels and vault maps discovered:
D:1:      minmay_arrival_three_doors, layout_basic, minmay_heptomino_h4
D:2:      kennysheep_big_flooded_room, layout_loops_ring,
          chequers_serial_rivers_small_a
D:3:      layout_loops_ring, nicolae_overflow_ecumenical_swirl, serial_rivers,
          chequers_serial_rivers_room_b, chequers_serial_rivers_large_a,
          chequers_serial_rivers_micro_c, chequers_serial_rivers_marsh,
          chequers_serial_rivers_micro_c, chequers_serial_rivers_micro_b,
          uniq_ijyb, uniq_robin, uniq_jessica
D:4:      layout_basic, serial_bayou_crossing
D:6:      layout_cave_pools, grunt_temple_overflow_cloverleaf,
          chequers_temple_overflow_statue_of_worship, serial_shops,
          nicolae_shop_overgrown_old_shop, nicolae_shop_real_fake_doors,
          shop_fountains, shop, nrook_campfire, nicolae_shop_self_help
D:7:      layout_basic, minmay_temple_entry_glassed_door, uniq_menkaure
D:8:      layout_loops_ring, lemuel_blue_sif_altar,
          mainiacjoe_overflow_six_doors_small, serial_shops,
          nicolae_shop_hallway_plus, nicolae_shop_window_shopping,
          nicolae_shop_statue_plus, shop, nicolae_book_shop_shelving
D:9:      layout_small_grid, serial_ice, serial_ice_d, serial_ice_a,
          serial_ice_l, serial_ice_f, serial_ice_e, serial_ice_b, serial_ice_g,
          uniq_erica
Temple:   jpeg_temple_clearing

Skill      XL: |  1  2  3  4  5  6  7  8  9 |
---------------+----------------------------+-----
Axes           | 3 4 |  4.2
Fighting       | 4 5 6 7 8 |  8.0
Armour         | 4 5 6 7 8 |  8.0
Shields        | 4 5 6 7 8 |  8.0
Maces & Flails | 1 2 4 6 8 9 |  9.4

Action                     |  1- 3 |  4- 6 |  7- 9 || total
---------------------------+-------+-------+-------++-------
  Melee: War axe           |    83 |    16 |       ||    99
         Headbutt          |     8 |    19 |    30 ||    57
         Flail             |       |   116 |   153 ||   269
    Use: Scroll            |     4 |     3 |     1 ||     8
 Armour: Scale mail        |    64 |    94 |   108 ||   266
  Dodge: Dodged            |    41 |    43 |    36 ||   120
  Block: Buckler           |    18 |    30 |    40 ||    88

Table legend: (Time is in decaauts)
 A = Elapsed time spent in this place.
 B = Non-inter-level travel time spent in this place.
 C = Inter-level travel time spent in this place.
 D = Time resting spent in this place.
 E = Time spent auto-exploring this place.
 F = Levels seen in this place.
 G = Mean time per level.
                   A        B        C        D        E       F      G
               +--------+--------+--------+--------+--------+-----+--------+
         Total |   5183 |   4871 |    312 |      0 |   3969 |   9 |  575.9 |
       Dungeon |   5163 |   4861 |    302 |      0 |   3969 |   8 |  645.4 |
        Temple |     20 |     10 |     10 |      0 |      0 |   1 |   20.0 |
               +--------+--------+--------+--------+--------+-----+--------+

Top non-repeatable levels by time:
     D:8: 868 daAuts
     D:2: 845 daAuts
     D:7: 830 daAuts
     D:1: 776 daAuts
     D:3: 773 daAuts
     D:6: 577 daAuts
     D:4: 454 daAuts
     D:9: 36 daAuts
  Temple: 20 daAuts
